 Dungeon Crawl Stone Soup version 0.30-a0-322-g102857c98e (webtiles) character file.

Game seed: 4423433101143309182

1726 bande the Cleaver (level 8, -3/78 HPs)
             Began as a Minotaur Fighter on Oct 27, 2022.
             Was an Initiate of Okawaru.
             Slain by a two-headed ogre
             ... wielding a +0 giant club
              (8 damage)
             ... on level 6 of the Dungeon.
             The game lasted 00:10:05 (4549 turns).

bande the Cleaver (Minotaur Fighter)                Turns: 4549, Time: 00:10:05

Health: -3/78      AC: 10    Str: 22    XL:     8   Next: 75%
Magic:  7/7        EV:  7    Int:  5    God:    Okawaru [......]
Gold:   284        SH:  6    Dex: 11    Spells: 7/7 levels left

rFire   . . .      SeeInvis .    a - +1 war axe
rCold   . . .      Faith    .    c - +1 buckler
rNeg    + . .      Spirit   .    p - +0 chain mail
rPois   .          Reflect  .    (helmet restricted)
rElec   .          Harm     .    (no cloak)
rCorr   .          Rampage  .    (no gloves)
Will    .....                    (no boots)
Stlth   ..........               n - amulet of regeneration
HPRegen 1.13/turn                b - ring of positive energy
MPRegen 0.10/turn                (no ring)

@: mighty
A: horns 2, retaliatory headbutt, robust 1, noise suppression
a: Renounce Religion


You were on level 6 of the Dungeon.
You worshipped Okawaru.
Okawaru was noncommittal.
You visited 2 branches of the dungeon, and saw 7 of its levels.
You also visited: Sewer.

You collected 284 gold pieces.

Inventory:

Hand Weapons
 a - a +1 war axe (weapon)
 o - a +0 war axe
 t - a +3 mace
Armour
 c - a +1 buckler (worn)
 p - a +0 chain mail (worn)
 s - a +2 scale mail of willpower
Jewellery
 b - a ring of positive energy (left hand)
 n - an amulet of regeneration (around neck)
Wands
 j - a wand of roots (11)
 k - a wand of paralysis (10)
 q - a wand of flame (10)
Scrolls
 f - 9 scrolls of identify
 i - 3 scrolls of teleportation
 m - a scroll of enchant weapon
Potions
 e - a potion of heal wounds {unknown}
 g - 2 potions of curing
 h - a potion of cancellation


   Skills:
 + Level 6.5 Fighting
 + Level 8.9 Axes
 + Level 7.3 Armour
 + Level 4.9 Shields
 * Level 0.1 Invocations
 * Level 3.6 Evocations


You had 7 spell levels left.
You didn't know any spells.
Your spell library contained the following spells:

 Spells                   Type           Power      Damage    Failure   Level
 Beastly Appendage        Tmut           0%         N/A       99%         1
 Ensorcelled Hibernation  Hex/Ice        0%         N/A       100%        2
 Wereblood                Tmut           0%         N/A       100%        2
 Spider Form              Tmut/Pois      0%         N/A       100%        3
 Anguish                  Hex/Necr       0%         N/A       100%        4


Dungeon Overview and Level Annotations

Branches:
Dungeon (6/15)             Temple (1/1) D:5           Sewer (visited)

Altars:
Cheibriados
Dithmenos
Elyvilon
Fedhas
Gozag
Hepliaklqana
Kikubaaqudgha
Nemelex Xobeh
Okawaru
Qazlal
Ru
Sif Muna
Trog
Vehumet
Xom
Zin
The Shining One


Innate Abilities, Weirdness & Mutations

You have a pair of horns on your head.
You reflexively headbutt those who attack you in melee.
You are robust. (+10% HP)
You passively dampen the noise of your surroundings.


Message History

You no longer become unable to drink potions after taking damage.
You feel robust.
You feel your surroundings grow quieter.
Unknown command.
Unknown command.
HP restored.
Found an escape hatch in the floor.
Found a quarterstaff.
Found a pair of gloves.
A two-headed ogre comes into view.
It is wielding a +0 giant club and a +0 giant spiked club.
No target in view!
No target in view!
No target in view!
No target in view!
No target in view!
No target in view!
You hit the two-headed ogre.
The two-headed ogre is lightly wounded.
The two-headed ogre hits you with a +0 giant club!!
The two-headed ogre hits you with a +0 giant spiked club!!
You hit the two-headed ogre but do no damage.
The two-headed ogre is lightly wounded.
The two-headed ogre hits you with a +0 giant club!
The two-headed ogre hits you with a +0 giant spiked club!
* * * LOW HITPOINT WARNING * * *
You barely miss the two-headed ogre.
You hit the two-headed ogre but do no damage.
The two-headed ogre hits you with a +0 giant club!
* * * LOW HITPOINT WARNING * * *
The two-headed ogre closely misses you.
Unknown command.
You feel very mighty all of a sudden.
You block the two-headed ogre's attack. x2
Unknown command.
You slash the two-headed ogre!
The two-headed ogre is moderately wounded.
You barely miss the two-headed ogre.
The two-headed ogre is moderately wounded.
The two-headed ogre hits you with a +0 giant club!
You die...

#####.............#
#........##.###
#........##.##.
#........##....
######.......##..##
#............##..#
#............#..##
#.........^..#..###
#.@.)...###........
#.O.....# ####..###
#.......# #...###
#[......##....#....
........##....#....
.........##....#....
#....#######....#....
#....# #.... #....
#.## #....


You could see a two-headed ogre.

Vanquished Creatures
  An orc warrior (D:4)
  A black bear (D:4)
  An ogre (D:4)
  5 kobold brigands (Sewer)
  3 phantoms
  2 scorpions (D:4)
  2 necrophages (D:4)
  3 wights (D:4)
  2 orc priests
  Jessica (D:2)
  2 iguanas
  3 orc wizards
  3 gnolls (D:4)
  12 adders
  A river rat (Sewer)
  8 worms
  17 orcs
  12 ball pythons
  5 bats
  9 endoplasms
  5 giant cockroaches
  6 hobgoblins
  14 kobolds
  4 quokkas
  2 frilled lizards
  10 goblins
  10 rats
144 creatures vanquished.

Vanquished Creatures (collateral kills)
  An orc (D:4)
1 creature vanquished.

Grand Total: 145 creatures vanquished

Notes
Turn   | Place    | Note
-------+----------+-------------------------------------------
     0 | D:1      | bande the Minotaur Fighter began the quest for the Orb.
     0 | D:1      | Reached XP level 1. HP: 19/19 MP: 0/0
   200 | D:1      | Reached XP level 2. HP: 27/27 MP: 1/1
   669 | D:2      | Reached skill level 3 in Axes
   669 | D:2      | Reached XP level 3. HP: 31/33 MP: 2/2
   785 | D:2      | Noticed Jessica
   790 | D:2      | Killed Jessica
   814 | D:2      | Reached XP level 4. HP: 35/40 MP: 3/3
   943 | D:2      | Reached skill level 4 in Axes
  1561 | D:3      | Noticed a phantom
  1572 | D:3      | Killed a phantom
  1573 | D:3      | Reached skill level 5 in Axes
  1573 | D:3      | Reached skill level 5 in Armour
  1573 | D:3      | Reached XP level 5. HP: 32/47 MP: 4/4
  1712 | D:3      | Found a radiant altar of Vehumet.
  2179 | D:4      | Found a glowing drain.
  2192 | Sewer    | Entered a sewer
  2245 | Sewer    | Reached XP level 6. HP: 50/53 MP: 5/5
  2291 | Sewer    | Reached skill level 5 in Fighting
  2291 | Sewer    | Reached skill level 1 in Evocations
  2422 | Sewer    | Reached skill level 6 in Axes
  2449 | Sewer    | Reached XP level 7. HP: 34/61 MP: 6/6
  2875 | D:4      | Identified the +3 robe of the Storm King {Str-2 Dex+4}
  2946 | D:4      | Reached skill level 7 in Axes
  3318 | D:4      | Found a shimmering altar of Xom.
  3332 | D:4      | Reached XP level 8. HP: 70/70 MP: 7/7
  3576 | D:4      | Reached skill level 8 in Axes
  3747 | D:5      | Entered Level 5 of the Dungeon
  4045 | D:5      | Found a sparkling altar of Nemelex Xobeh.
  4128 | D:5      | Found a staircase to the Ecumenical Temple.
  4198 | Temple   | Entered the Ecumenical Temple
  4229 | Temple   | Became a worshipper of Warmaster Okawaru
  4421 | D:5      | Found a blossoming altar of Fedhas.
  4431 | D:5      | Found a shimmering blue altar of Sif Muna.
  4518 | D:6      | Identified the +3 leather armour "Bolliba Avust" {Fly Str-2
                  | Dex+3}
  4519 | D:6      | Gained mutation: You occasionally lose the ability to drink
                  | potions when taking damage. [potion of mutation]
  4519 | D:6      | Gained mutation: You have a pair of large horns on your
                  | head. [potion of mutation]
  4520 | D:6      | Lost mutation: You have a pair of large horns on your head.
                  | [potion of mutation]
  4520 | D:6      | Lost mutation: You occasionally lose the ability to drink
                  | potions when taking damage. [potion of mutation]
  4520 | D:6      | Gained mutation: You are robust. (+10% HP) [potion of
                  | mutation]
  4520 | D:6      | Gained mutation: You passively dampen the noise of your
                  | surroundings. [potion of mutation]
  4537 | D:6      | Noticed a two-headed ogre
  4546 | D:6      | HP: 1/78 [two-headed ogre/+0 giant club (13)]
  4549 | D:6      | Slain by a two-headed ogre

Illustrated notes

Levels and vault maps discovered:
D:1:      scummos_arrival_hexagon, layout_rooms
D:2:      layout_basic, serial_corexii_hall, chequers_hall_statues_wall_a,
          chequers_hall_statues_corner_a, chequers_jeans, uniq_jessica
D:3:      layout_basic, vehumet_altar_wand_db
D:4:      minmay_chambers_of_twos, layout_loops_ring,
          mainiacjoe_overflow_brackets, cheibrodos_sewer_entry_sluice,
          guppyfry_early_orc_mine
D:5:      layout_basic, mainiacjoe_overflow_concentric_impassable,
          mainiacjoe_overflow_big_doors, nicolae_overflow_hidden_temple,
          minmay_temple_entry_stoned_glass
D:6:      layout_basic, nrook_pool_corridor, dk_rats_in_the_wall
Temple:   minmay_temple_bridge_abc

Skill      XL: |  1  2  3  4  5  6  7  8 |
---------------+-------------------------+-----
Fighting       | 4 5 6 |  6.5
Armour         | 4 5 6 7 |  7.3
Axes           | 3 5 6 7 8 |  8.9
Shields        | 4 |  4.9
Evocations     | 1 2 3 |  3.6
Invocations    | |  0.1

Action                   |  1- 3 |  4- 6 |  7- 9 || total
-------------------------+-------+-------+-------++-------
Melee: War axe           |    55 |   142 |   187 ||   384
       Headbutt          |     4 |    14 |    29 ||    47
  Use: Scroll            |       |    11 |     3 ||    14
       Potion            |       |       |     3 ||     3
Armor: Scale mail        |    19 |    16 |       ||    35
       Chain mail        |       |    75 |   118 ||   193
Dodge: Dodged            |    28 |    44 |    55 ||   127
Block: Buckler           |     7 |    27 |    51 ||    85

Table legend: (Time is in decaauts)
 A = Elapsed time spent in this place.
 B = Non-inter-level travel time spent in this place.
 C = Inter-level travel time spent in this place.
 D = Time resting spent in this place.
 E = Time spent auto-exploring this place.
 F = Levels seen in this place.
 G = Mean time per level.
                   A        B        C        D        E       F      G
               +--------+--------+--------+--------+--------+-----+--------+
         Total |   4800 |   4686 |    114 |    468 |   3057 |   8 |  600.0 |
       Dungeon |   3890 |   3803 |     87 |    350 |   2565 |   6 |  648.3 |
        Temple |     53 |     26 |     27 |      0 |     21 |   1 |   53.0 |
         Sewer |    856 |    856 |      0 |    118 |    471 |   1 |  856.0 |
               +--------+--------+--------+--------+--------+-----+--------+

Top non-repeatable levels by time:
     D:4: 1209 daAuts
     D:2: 983 daAuts
   Sewer: 856 daAuts
     D:3: 620 daAuts
     D:1: 585 daAuts
     D:5: 420 daAuts
     D:6: 70 daAuts
  Temple: 53 daAuts
